 Dungeon Crawl Stone Soup version 0.32-a0-900-g30fb1b0edc (webtiles) character file.

Game seed: 1424931671225370256

57 601d51SH the Poker (level 4, 41/41 HPs)
             Began as a Gnoll Cinder Acolyte on Apr 5, 2024.
             Was a High Priest of Ignis.
             Quit the game on level 3 of the Dungeon.
             The game lasted 00:03:56 (1609 turns).

601d51SH the Poker (Gnoll Cinder Acolyte)           Turns: 1609, Time: 00:03:57

Health: 41/41      AC:  4    Str: 16    XL:     4   Next: 0%
Magic:  17/17      EV: 10    Int: 13    God:    Ignis [*****.]
Gold:   66         SH:  0    Dex: 13    Spells: 6/8 levels left

rFire   + . .        a - -1 spear (flame)
rCold   . . .        (no shield)
rNeg    . . .        g - +0 leather armour
rPois   .            (no helmet)
rElec   .            (no cloak)
rCorr   .            (no gloves)
SInv    .            l - +0 pair of boots
Will    .....        (no amulet)
Stlth   +            w - +6 ring of dexterity
HPRegen 0.26/turn    v - ring of magical power
MPRegen 0.15/turn

%: no passive effects
@: no status effects
A: fangs 1, strong nose, distributed training
a: Renounce Religion, Fiery Armour, Foxfire Swarm, Rising Flame


You were on level 3 of the Dungeon.
You worshipped Ignis.
Ignis was extremely pleased with you.
You visited 1 branch of the dungeon, and saw 3 of its levels.

You collected 66 gold pieces.

Inventory:

Hand Weapons
 a - a -1 spear of flaming (weapon)
Missiles
 d - 15 stones (quivered)
 f - 6 boomerangs
Armour
 b - a +0 robe
 g - a +0 leather armour (worn)
 k - a +0 chain mail
 l - a +0 pair of boots (worn)
 n - a +0 plate armour
 u - a +0 ring mail
Jewellery
 o - a ring of willpower
 v - a ring of magical power (right hand)
 w - a +6 ring of dexterity (left hand)
Scrolls
 c - 5 scrolls of teleportation {unknown}
 e - a scroll of brand weapon {unknown}
 i - a scroll of poison {unknown}
 q - a scroll of noise {unknown}
 r - a scroll of fear {unknown}
 t - a scroll of identify {unknown}
Potions
 h - a potion of degeneration {unknown}
 j - a potion of curing {unknown}
 m - 2 potions of ambrosia {unknown}
 p - 2 potions of enlightenment {unknown}
 s - a potion of lignification {unknown}


   Skills:
 + Level 6.6 Fighting
 + Level 1.0 Short Blades
 + Level 1.0 Long Blades
 + Level 1.0 Axes
 + Level 1.0 Maces & Flails
 + Level 6.6 Polearms
 + Level 1.0 Staves
 + Level 1.0 Ranged Weapons
 + Level 1.0 Throwing
 + Level 1.0 Armour
 + Level 1.0 Dodging
 + Level 1.0 Stealth
 + Level 1.0 Shields
 + Level 1.0 Unarmed Combat
 + Level 2.9 Spellcasting
 + Level 0.8 Conjurations
 + Level 0.8 Hexes
 + Level 0.8 Summonings
 + Level 0.8 Necromancy
 + Level 0.8 Translocations
 + Level 5.4 Fire Magic
 + Level 0.8 Ice Magic
 + Level 0.8 Air Magic
 + Level 0.8 Earth Magic
 + Level 0.8 Alchemy
 + Level 1.1 Invocations
 + Level 1.0 Evocations
 + Level 1.0 Shapeshifting


You had 6 spell levels left.
You knew the following spells:

 Your Spells              Type           Power      Damage    Failure   Level
a - Scorch                Fire           32%        2d6       4%          2

Your spell library contained the following spells:

 Spells                   Type           Power      Damage    Failure   Level


Dungeon Overview and Level Annotations

Branches:
Dungeon (3/15)

Altars:
Fedhas
Uskayaw

Shops:
D:3 ![


Innate Abilities, Weirdness & Mutations

You have very sharp teeth.
Your uncanny sense of smell can sniff out nearby items.
Your experience applies equally to all skills.


Message History

You kill the orc!
Things that are here:
a +0 dagger; an orc corpse
d - 17 stones (gained 8) Magic restored.
An orc comes into view. It is wielding a +0 flail.
Throw: 17 stones
Press: ? - help, Q - select action, (/) - cycle Shift-Dir - straight line, f - orc
Aim: an orc, wielding a +0 flail and wearing a +6 ring of dexterity (wandering, hasn't noticed you, 52% to hit)
You throw a stone. The stone barely misses the orc.
The orc shouts!
You hear a shout!
Throw: 16 stones
Press: ? - help, Q - select action, (/) - cycle Shift-Dir - straight line, f/p - orc
Aim: an orc, wielding a +0 flail and wearing a +6 ring of dexterity (52% to hit)
You throw a stone. The stone hits the orc.
The orc is moderately wounded.
You hit the orc. You burn the orc.
You kill the orc!
w - a +6 ring of dexterity
Things that are here:
a +0 flail; an orc corpse An orc comes into view.
It is wielding a +0 hand axe.
The orc shouts!
You puncture the orc! You burn the orc.
You kill the orc!
Your Shapeshifting skill increases to level 1!
You have reached level 4!
You feel stronger.
You remove your ring of willpower.
You feel agile.
w - a +6 ring of dexterity (left hand)
Things that are here:
a +0 hand axe; an orc corpse
There is an entrance to Nora Cag's Armour Emporium here.
Welcome back, 601d51SH the Gnoll Cinder Acolyte.
The flames of Ignis gently warm you.
Press ? for a list of commands and other information.
Unknown command.
Are you sure you want to abandon this character and quit the game? (Confirm with "yes".)

...............# .
..###...#......##### .#
........#......)...# #.###
.#.#....#......###.##.....
...##...#......# #)...#
#...##.........# #...##
##.............###.#.#
..#....._......##..#.#
#...............@.##.#
.................## .
........#........# #
........#........#
........#........#
........#........#
.................#
............∩.....
....#...#........


There were no monsters in sight!

Vanquished Creatures
  An adder (D:2)
  3 orcs (D:3)
  2 ball pythons (D:1)
  4 bats
  5 endoplasms (D:1)
  3 giant cockroaches (D:1)
  7 hobgoblins
  2 quokkas
  A frilled lizard (D:1)
  2 goblins
  5 kobolds
  6 rats
41 creatures vanquished.

Notes
Turn   | Place    | Note
-------+----------+-------------------------------------------
     0 | D:1      | 601d51SH the Gnoll Cinder Acolyte began the quest for the
                  | Orb.
     0 | D:1      | Reached XP level 1. HP: 23/23 MP: 4/4
   255 | D:1      | Reached XP level 2. HP: 24/29 MP: 5/5
   485 | D:1      | Reached XP level 3. HP: 17/35 MP: 7/7
   488 | D:1      | Learned a level 2 spell: Scorch
   799 | D:2      | Found a blossoming altar of Fedhas.
   801 | D:2      | Reached skill level 1 in Invocations
  1125 | D:2      | Reached skill level 1 in Short Blades
  1125 | D:2      | Reached skill level 1 in Long Blades
  1125 | D:2      | Reached skill level 1 in Axes
  1125 | D:2      | Reached skill level 1 in Maces & Flails
  1125 | D:2      | Reached skill level 1 in Staves
  1125 | D:2      | Reached skill level 1 in Ranged Weapons
  1125 | D:2      | Reached skill level 1 in Throwing
  1125 | D:2      | Reached skill level 1 in Armour
  1125 | D:2      | Reached skill level 1 in Dodging
  1125 | D:2      | Reached skill level 1 in Stealth
  1125 | D:2      | Reached skill level 1 in Shields
  1125 | D:2      | Reached skill level 1 in Unarmed Combat
  1125 | D:2      | Reached skill level 1 in Evocations
  1493 | D:3      | Found a faded altar of an unknown god.
  1508 | D:3      | Found a hide-covered altar of Uskayaw.
  1516 | D:3      | Found Daren's Distillery.
  1518 | D:3      | Found Nora Cag's Armour Emporium.
  1601 | D:3      | Reached skill level 1 in Shapeshifting
  1601 | D:3      | Reached XP level 4. HP: 41/41 MP: 8/8
  1609 | D:3      | Quit the game

Illustrated notes

Levels and vault maps discovered:
D:1:      ncdulo_smallfort, layout_basic, corexii_leaking_fountain
D:2:      layout_basic, basic_altar
D:3:      layout_rooms, mainiacjoe_overflow_cross_hatched,
          mainiacjoe_overflow_boulevard, nicolae_tso_swordbearing_angel,
          hellmonk_ecumenical_altar_zigzags, serial_shops,
          nicolae_shop_advertising_works [nicolae_subvault_shop_adworks], shop,
          shop, nicolae_shop_overgrown_old_shop

Skill      XL: |  1  2  3 |
---------------+----------+-----
Invocations    | 1 |  1.1
Short Blades   | 1 |  1.0
Long Blades    | 1 |  1.0
Axes           | 1 |  1.0
Maces & Flails | 1 |  1.0
Staves         | 1 |  1.0
Ranged Weapons | 1 |  1.0
Throwing       | 1 |  1.0
Armour         | 1 |  1.0
Dodging        | 1 |  1.0
Stealth        | 1 |  1.0
Shields        | 1 |  1.0
Unarmed Combat | 1 |  1.0
Evocations     | 1 |  1.0
Shapeshifting  | 1 |  1.0
Fighting       | |  6.6
Polearms       | |  6.6
Spellcasting   | |  2.9
Conjurations   | |  0.8
Hexes          | |  0.8
Summonings     | |  0.8
Necromancy     | |  0.8
Translocations | |  0.8
Fire Magic     | |  5.4
Ice Magic      | |  0.8
Air Magic      | |  0.8
Earth Magic    | |  0.8
Alchemy        | |  0.8

Action                     |  1- 3 |  4- 6 || total
---------------------------+-------+-------++-------
  Melee: Spear             |   163 |       ||   163
         Bite              |     6 |       ||     6
  Throw: Stone             |     7 |       ||     7
 Armour: Robe              |    32 |       ||    32
         Leather armour    |    45 |       ||    45
  Dodge: Dodged            |    67 |       ||    67

Table legend: (Time is in decaauts)
 A = Elapsed time spent in this place.
 B = Non-inter-level travel time spent in this place.
 C = Inter-level travel time spent in this place.
 D = Time resting spent in this place.
 E = Time spent auto-exploring this place.
 F = Levels seen in this place.
 G = Mean time per level.
                   A        B        C        D        E       F      G
               +--------+--------+--------+--------+--------+-----+--------+
         Total |   1570 |   1548 |     22 |    175 |   1018 |   3 |  523.3 |
       Dungeon |   1570 |   1548 |     22 |    175 |   1018 |   3 |  523.3 |
               +--------+--------+--------+--------+--------+-----+--------+

Top non-repeatable levels by time:
     D:1: 772 daAuts
     D:2: 682 daAuts
     D:3: 114 daAuts
